 Dungeon Crawl Stone Soup version 0.29-a0-284-gf9362112df (webtiles) character file.

Game seed: 3292108092980244852

5779 spaghetti the Basher (level 10, -10/106 HPs)
             Began as an Ogre Chaos Knight on Mar 20, 2022.
             Was a Believer of Makhleb.
             Mangled by a seven-headed hydra (13 damage)
             ... on level 8 of the Dungeon.
             The game lasted 00:21:52 (11133 turns).

spaghetti the Basher (Ogre Chaos Knight)           Turns: 11133, Time: 00:21:53

Health: -10/106    AC:  7    Str: 22    XL:     10   Next: 78%
Magic:  14/14      EV:  9    Int: 13    God:    Makhleb [**....]
Gold:   369        SH:  5    Dex:  8    Spells: 9/9 levels left

rFire   . . .      SeeInvis .   B - +3 whip (vamp) {mace}
rCold   . . .      Faith    .   l - orb {*Rage}
rNeg    . . .      Spirit   .   I - +0 steam dragon scales
rPois   .          Reflect  +   (helmet restricted)
rElec   .          Harm     .   d - +0 cloak
rCorr   .          Rampage  .   (gloves unavailable)
Will    +....      Rage     20% (boots unavailable)
Stlth   +.........              s - amulet of reflection
HPRegen 0.27/turn               (no ring)
MPRegen 0.14/turn               (no ring)

@: about to teleport, on berserk cooldown
A: large, unfitting armour, tough skin 1, antennae 1, low MP 1
a: Renounce Religion, Minor Destruction


You were on level 8 of the Dungeon.
You worshipped Makhleb.
Makhleb was pleased with you.
You visited 2 branches of the dungeon, and saw 10 of its levels.

You collected 461 gold pieces.
You spent 92 gold pieces at shops.


Innate Abilities, Weirdness & Mutations

You are too large for most types of armour.
You have tough skin. (AC +1)
You have a pair of small antennae on your head.
Your magical capacity is low. (-10% MP)


   Skills:
 * Level 8.7 Fighting
 + Level 10.8 Maces & Flails
 - Level 5.0 Throwing
 - Level 2.1 Dodging
 + Level 8.3 Invocations


You had 9 spell levels left.
You didn't know any spells.
Your spell library contained the following spells:

 Spells                   Type           Power      Damage    Failure   Level
 Frozen Ramparts          Ice            0%         1d2       67%         3
 Gell's Gravitas          Tloc           0%         N/A       67%         3
 Lesser Beckoning         Tloc           0%         N/A       67%         3
 Ozocubu's Armour         Ice            0%         N/A       67%         3
 Teleport Other           Tloc           0%         N/A       67%         3
 Ice Form                 Ice/Tmut       0%         N/A       97%         4
 Summon Ice Beast         Ice/Summ       0%         N/A       97%         4
 Metabolic Englaciation   Hex/Ice        0%         N/A       100%        5
 Simulacrum               Ice/Necr       0%         N/A       100%        6

Inventory:

Hand Weapons
 n - a +0 vampiric morningstar {mace}
   (You bought it in a shop on level 3 of the Dungeon)
 y - a +2 whip of freezing {mace}
   (You found it on level 5 of the Dungeon)
 B - a +3 vampiric whip (weapon) {mace}
   (You took it off an orc on level 6 of the Dungeon)
 C - the +5 scimitar "Zamofuvu" {vorpal, rC+ rN+ Str-4 Dex+4, long}
   (You found it on level 7 of the Dungeon)

   It inflicts extra damage upon your enemies.
   Str:       It affects your strength (-4).
   Dex:       It affects your dexterity (+4).
   rC:        It protects you from cold.
   rN:        It protects you from negative energy.
Missiles
 e - a throwing net {=f!fthrowing}
 g - 265 stones (quivered) {throwing}
 m - 7 boomerangs {throwing}
 q - 6 poisoned darts {throwing}
 v - 2 large rocks {=fthrowing}
Armour
 b - a +2 robe
 d - a +0 cloak (worn)
   (You took it off Crazy Yiuf on level 2 of the Dungeon)
 l - an orb of wrath (worn)
   (You found it on level 2 of the Dungeon)
 A - a +0 robe
   (You found it on level 5 of the Dungeon)
 I - +0 steam dragon scales (worn)
   (You found it on level 8 of the Dungeon)
Jewellery
 f - an amulet of faith {!P}
   (You found it on level 7 of the Dungeon)
 s - an amulet of reflection (around neck)
   (You found it on level 4 of the Dungeon)
 t - a ring of flight
   (You found it on level 8 of the Dungeon)
 D - a ring of poison resistance
   (You found it on level 7 of the Dungeon)
Wands
 a - a wand of mindburst (12)
   (You found it on level 7 of the Dungeon)
 r - a wand of paralysis (2)
   (You took it off Ijyb on level 4 of the Dungeon)
 E - a wand of flame (14)
   (You found it on level 8 of the Dungeon)
 F - a wand of iceblast (8)
   (You found it on level 7 of the Dungeon)
Scrolls
 h - 3 scrolls of amnesia
 i - 2 scrolls of teleportation {@r4}
 k - 3 scrolls of fog
 o - 2 scrolls of enchant armour
 p - a scroll of silence {!r}
 u - a scroll of torment {!r}
 w - a scroll of vulnerability {!r!r}
 G - a scroll of enchant weapon
 J - a scroll of noise {!r}
Potions
 z - 3 potions of brilliance
Miscellaneous
 c - a piece from Xom's chessboard (12/15) {!v}

Dungeon Overview and Level Annotations

Branches:
Dungeon (9/15)             Temple (1/1) D:6
   Lair: D:8-11         Orc: D:9-12

Altars:
Ashenzari
Dithmenos
Fedhas
Gozag
Kikubaaqudgha
Makhleb
Nemelex Xobeh
Okawaru
Ru
Sif Muna
Trog
Uskayaw
Vehumet
Wu Jian
Xom
Yredelemnul
Zin
The Shining One

Shops:
D:3 !*(=

Annotations:
D:6 2 transporters
D:8 Amaemon

#.........#
#.........#
#####.....#
#.....#
###..## #..#
##.# #D# #@#
#.# #.# #.#
#.# #.#
####### #.#
#...... #.#
#######.#####
#.#
#....<#......


You could see a seven-headed hydra.


Message History

😕 HP[-1]
You take 1 damage, and now have 153/157 hp.
You barely miss the killer bee. You whack the killer bee!
You feel better.
You kill the killer bee!
Makhleb accepts your kill.
You can now harness Makhleb's destructive might.
You feel sick.
Your life force feels restored. 😕 HP[+3]
You now have 159 max hp (+2).
You regained 3 hp, and now have 156/159 hp.
Unknown command.
You whack the killer bee!
The killer bee stings you but does no damage.
You miss the killer bee.
You feel sick. The killer bee stings you. 😕 HP[-2]
You take 2 damage, and now have 154/159 hp.
You whack the killer bee!
You kill the killer bee!
Makhleb accepts your kill.
You start resting.
You feel sick.
You feel a strong urge to attack something.
You are no longer berserk.
You are exhausted.
You feel yourself slow down.
You feel sick. x2
You are no longer poisoned. 😎 HP[-48]
You now have 106 max hp (-53).
Unknown command.
Unknown command.
j - a scroll labelled KAEBOE QAELEG
Things that are here:
a killer bee corpse; a killer bee corpse; a killer bee corpse
As you read the scroll labelled KAEBOE QAELEG, it crumbles to dust.
It is a scroll of brand weapon.
Your +0 morningstar {mace} thirsts for the lives of mortals!
n - a +0 vampiric morningstar {mace}
Okay, then.
Found a stone staircase leading up.
You see here 13 stones {throwing}.
The seven-headed hydra roars!
A seven-headed hydra is nearby!
There is a stone staircase leading up here.
You feel yourself speed up.
The seven-headed hydra closely misses you.
The seven-headed hydra barely misses you. x3
The seven-headed hydra bites you. x2; The seven-headed hydra bites you!
You climb upwards.
Level annotation: Amaemon
There is a stone staircase leading down here. 😕 HP[-14]
You take 14 damage, and now have 92/106 hp.
Unknown command.
You barely miss the seven-headed hydra. The seven-headed hydra bites you!
The seven-headed hydra closely misses you. x2
The seven-headed hydra bites you!
The seven-headed hydra closely misses you.
The seven-headed hydra bites you but does no damage.
The seven-headed hydra bites you. 😮 HP[-24]
You take 24 damage, and now have 68/106 hp.
MASSIVE DAMAGE!! (PAUSE)
Okay, then.
Okay, then.
As you read the scroll of teleportation {@r4}, it crumbles to dust.
You feel strangely unstable.
The seven-headed hydra barely misses you.
The seven-headed hydra bites you! The seven-headed hydra bites you. x2
The seven-headed hydra closely misses you.
The seven-headed hydra bites you but does no damage.
The seven-headed hydra barely misses you. 😮 HP[-14]
You take 14 damage, and now have 54/106 hp.
Unknown command.
The seven-headed hydra attacks as you move away!
The seven-headed hydra bites you.
* * * LOW HITPOINT WARNING * * *
You block the seven-headed hydra's attack.
The seven-headed hydra bites you!
* * * LOW HITPOINT WARNING * * *
The seven-headed hydra bites you!
* * * LOW HITPOINT WARNING * * *
The seven-headed hydra bites you!
* * * LOW HITPOINT WARNING * * *
The seven-headed hydra closely misses you.
The seven-headed hydra bites you!
* * * LOW HITPOINT WARNING * * *
😱 HP[-41]
You take 41 damage, and now have 13/106 hp.
MASSIVE DAMAGE!! (PAUSE)
The seven-headed hydra attacks as you move away!
The seven-headed hydra bites you!
* * * LOW HITPOINT WARNING * * *
The seven-headed hydra barely misses you.
The seven-headed hydra bites you but does no damage.
The seven-headed hydra bites you!
You die...
Xom chortles!

Skill      XL: |  1  2  3  4  5  6  7  8  9 10 |
---------------+-------------------------------+-----
Maces & Flails | 3 4 5 6 7 8 10 | 10.8
Throwing       | 2 5 |  5.0
Invocations    | 3 7 8 |  8.3
Fighting       | 8 |  8.7
Dodging        | |  2.1

Action                   |  1- 3 |  4- 6 |  7- 9 | 10-12 || total
-------------------------+-------+-------+-------+-------++-------
Melee: Mace              |    54 |    44 |       |       ||    98
       Punch             |     1 |       |       |       ||     1
       Morningstar       |       |    99 |    20 |       ||   119
       Hand axe          |       |       |    43 |       ||    43
       Whip              |       |       |   271 |   232 ||   503
Throw: Stone             |       |       |    10 |     4 ||    14
Evoke: Piece from Xom's  |     2 |     6 |       |     3 ||    11
       Wand              |       |       |       |     4 ||     4
  Use: Scroll            |     2 |     7 |     1 |     9 ||    19
       Potion            |       |     7 |     3 |     5 ||    15
 Stab: Confused          |     1 |     1 |       |       ||     2
       Distracted        |       |     1 |       |       ||     1
       Invisible         |       |     2 |       |       ||     2
       Paralysed         |       |       |     2 |     5 ||     7
Armor: Robe              |    28 |    85 |    89 |    26 ||   228
       Skin              |       |     2 |    12 |       ||    14
       Steam dragon scal |       |       |       |    29 ||    29
Dodge: Dodged            |    24 |    78 |    92 |    68 ||   262
Block: Orb               |       |    16 |    51 |    24 ||    91

Levels and vault maps discovered:
D:1:      lemuel_arrival_muddy, layout_loops_ring, feat_on_display
D:2:      layout_rooms, basic_ecumenical_altar, basic_altar, uniq_jessica,
          uniq_crazy_yiuf_cottage
D:3:      layout_basic, serial_shops, nicolae_lakefront_shop,
          nicolae_shop_advertising_works [nicolae_subvault_shop_adworks],
          nicolae_shop_bloodbath_and_beyond, nicolae_shop_hallway_plus,
          minmay_hedge_maze, kennysheep_potato
D:4:      layout_gridville, mainiacjoe_overflow_24_doors,
          hangedman_decor_growths, uniq_ijyb
D:5:      layout_cave_pods, minmay_misc_feat_alley, uniq_eustachio
D:6:      minmay_recursive_quarters, layout_cave_pools, temple_fountains,
          gammafunk_ghost_gnarly_gnolls, uniq_grinder, uniq_pikel
D:7:      minmay_opposing_rooms, layout_loops_ring,
          chequers_serial_rivers_micro_c, uniq_menkaure
D:8:      layout_basic, minmay_nine_imps, uniq_amaemon
D:9:      layout_loops_cross
Temple:   regret_index_temple_sigil_plot

Notes
Turn   | Place    | Note
-------+----------+-------------------------------------------
     0 | D:1      | spaghetti the Ogre Chaos Knight began the quest for the
                  | Orb.
     0 | D:1      | Reached XP level 1. HP: 24/24 MP: 1/1
     0 | D:1      | magus.rc [v1.9.6]
    11 | D:1      | You pick up a book of Winter and begin reading...
    11 | D:1      | You add the spells Ozocubu's Armour, Metabolic Englaciation
                  | and Simulacrum to your library.
    80 | D:1      | XOM: silly message
   147 | D:1      | Reached skill level 3 in Maces & Flails
   157 | D:1      | Reached XP level 2. HP: 32/32 MP: 2/2
   180 | D:1      | XOM: silly message
   291 | D:1      | XOM: silly message
   854 | D:2      | Noticed Jessica
   859 | D:2      | Reached XP level 3. HP: 39/39 MP: 3/3
   868 | D:2      | Killed Jessica
   869 | D:2      | Reached skill level 4 in Maces & Flails
   932 | D:2      | Found a faded altar of an unknown god.
   997 | D:2      | Found a runed translucent door.
   998 | D:2      | Noticed Crazy Yiuf
  1074 | D:2      | Reached XP level 4. HP: 48/48 MP: 4/4
  1134 | D:2      | XOM: silly message
  1194 | D:2      | Found a blossoming altar of Fedhas.
  1440 | D:2      | HP: 15/67 [something (16)]
  1444 | D:2      | HP: 5/67 [something (7)]
  1448 | D:2      | Killed Crazy Yiuf
  2018 | D:3      | Found Munaopt's Weapon Emporium.
  2055 | D:3      | XOM: 2-stop teleportation journey
  2064 | D:3      | Found Jedugeco's Distillery.
  2106 | D:3      | XOM: silly message
  2140 | D:3      | Reached skill level 5 in Maces & Flails
  2140 | D:3      | Reached XP level 5. HP: 54/54 MP: 5/5
  2141 | D:3      | Found Ydag's Assorted Antiques.
  2151 | D:3      | Bought a morningstar for 92 gold pieces
  2351 | D:3      | XOM: scenery: summon butterflies
  2403 | D:3      | Found Laadestu's Jewellery Shoppe.
  2942 | D:4      | XOM: summons 3 friendly demons
  2973 | D:4      | XOM: confuse monster(s)
  3102 | D:4      | Reached skill level 6 in Maces & Flails
  3102 | D:4      | Reached XP level 6. HP: 56/62 MP: 6/6
  3189 | D:4      | XOM: scenery: 2 doors open, 1 doors close
  3207 | D:4      | Found a sacrificial altar of Ru.
  3483 | D:4      | Noticed Ijyb
  3492 | D:4      | Paralysed by Ijyb for 5 turns
  3501 | D:4      | Paralysed by Ijyb for 2 turns
  3507 | D:4      | Killed Ijyb
  3513 | D:4      | HP: 12/62 [worm (5)]
  3523 | D:4      | HP: 15/62 [worm (2)]
  3856 | D:5      | Entered Level 5 of the Dungeon
  3862 | D:5      | Reached skill level 1 in Throwing
  4212 | D:5      | Noticed Eustachio
  4218 | D:5      | XOM: chaos cloud
  4229 | D:5      | Killed Eustachio
  4230 | D:5      | Reached skill level 2 in Throwing
  4230 | D:5      | Reached XP level 7. HP: 70/70 MP: 7/7
  4428 | D:5      | XOM: fake destruction
  4430 | D:5      | Reached skill level 7 in Maces & Flails
  4430 | D:5      | Reached skill level 3 in Throwing
  4571 | D:5      | XOM: god gift: glowing hand axe {god gift}
  4806 | D:6      | XOM: divination: detect creatures
  4806 | D:6      | Noticed Pikel
  4931 | D:5      | XOM: cleaving
  4935 | D:5      | Reached skill level 4 in Throwing
  5011 | D:5      | XOM: god gift: 23 stones
  5134 | D:5      | XOM: cloud trail
  5196 | D:5      | HP: 25/105 [Pikel/+2 whip of freezing (11)]
  5198 | D:5      | Killed Pikel
  5198 | D:5      | XOM: divine lightning
  5199 | D:5      | Reached skill level 5 in Throwing
  5199 | D:5      | Reached XP level 8. HP: 22/78 MP: 8/8
  5441 | D:5      | XOM: scenery: summon butterflies
  5471 | D:6      | Reached skill level 8 in Maces & Flails
  5482 | D:5      | XOM: god gift: 32 gold pieces
  5525 | D:6      | Found a transporter.
  5548 | D:6      | You pick up a book of Displacement and begin reading...
  5548 | D:6      | You add the spells Lesser Beckoning, Gell's Gravitas and
                  | Teleport Other to your library.
  5569 | D:6      | Found a staircase to the Ecumenical Temple.
  5574 | D:6      | XOM: enchant monster (good)
  5582 | Temple   | Entered the Ecumenical Temple
  5692 | Temple   | Fell from the grace of Xom
  5692 | Temple   | Became a worshipper of Makhleb the Destroyer
  5724 | D:6      | You pick up a book of Rime and begin reading...
  5724 | D:6      | You add the spells Frozen Ramparts, Ice Form and Summon Ice
                  | Beast to your library.
  5727 | D:6      | Noticed Grinder
  5731 | D:6      | Paralysed by Grinder for 2 turns
  5742 | D:6      | Paralysed by Grinder for 7 turns
  5754 | D:6      | Killed Grinder
  5755 | D:6      | Reached skill level 2 in Invocations
  6047 | D:6      | Reached skill level 3 in Invocations
  6051 | D:6      | Reached XP level 9. HP: 84/84 MP: 9/11
  6194 | D:6      | Reached skill level 9 in Maces & Flails
  6194 | D:6      | Reached skill level 4 in Invocations
  6540 | D:6      | Reached skill level 5 in Invocations
  6762 | D:6      | Found a transporter.
  6770 | D:6      | Identified the +7 spear of Corporal Punishment {venom,
                  | Drain rF+ rN++ Will+}
  7312 | D:7      | Noticed Menkaure
  7323 | D:7      | Killed Menkaure
  7484 | D:7      | Reached skill level 6 in Invocations
  7519 | D:7      | Reached * piety under Makhleb
  7665 | D:7      | Reached skill level 10 in Maces & Flails
  8335 | D:7      | Reached skill level 7 in Invocations
  8390 | D:7      | Identified the +5 scimitar "Zamofuvu" {vorpal, rC+ rN+
                  | Str-4 Dex+4}
  8419 | D:7      | Reached XP level 10. HP: 53/94 MP: 15/15
  8623 | D:7      | Reached skill level 5 in Fighting
  9161 | D:7      | XOM: summons 3 hostile demons
  9176 | D:8      | Reached skill level 6 in Fighting
  9480 | D:8      | XOM: enchant monster (bad)
  9601 | D:8      | Noticed Amaemon
  9601 | D:8      | Noticed an orange demon
  9769 | D:8      | XOM: give mutations
  9769 | D:8      | Gained mutation: Your magical capacity is low. (-10% MP)
                  | [Xom's mischief]
  9769 | D:8      | Gained mutation: You have a pair of small antennae on your
                  | head. [Xom's mischief]
 10037 | D:8      | Reached skill level 7 in Fighting
 10462 | D:9      | Reached skill level 8 in Invocations
 10536 | D:9      | Reached skill level 8 in Fighting
 10614 | D:9      | Noticed a seven-headed hydra
 10620 | D:9      | HP: 24/103 [seven-headed hydra (8)]
 10628 | D:9      | HP: 25/103 [seven-headed hydra (1)]
 10629 | D:9      | HP: 11/103 [seven-headed hydra (2)]
 11093 | D:9      | Reached ** piety under Makhleb
 11132 | D:8      | HP: 24/106 [seven-headed hydra (10)]
 11133 | D:8      | HP: 3/106 [seven-headed hydra (10)]
 11133 | D:8      | Mangled by a seven-headed hydra

Vanquished Creatures
  Grinder (D:6)
  A shadow (D:8)
  2 wraiths (D:7)
  A wyvern (D:7)
  Eustachio (D:5)
  4 yaks (D:9)
  3 steam dragons
  Menkaure (D:7)
  A water moccasin (D:8)
  3 sky beasts
  3 ice beasts
  A black bear (D:6)
  2 centaurs
  3 lemures (D:5)
  A phantom (D:6)
  2 kobold brigands
  7 bullfrogs
  4 necrophages
  6 wights
  3 scorpions
  5 killer bees (D:9)
  2 howler monkeys (D:4)
  5 crimson imps (D:8)
  2 jellies (D:7)
  4 hounds
  2 orc priests (D:6)
  Crazy Yiuf (D:2)
  Jessica (D:2)
  Ijyb (D:4)
  4 iguanas
  3 orc wizards
  6 adders
  4 shadow imps
  7 white imps
  3 dart slugs
  12 orcs
  8 ball pythons
  2 endoplasms
  4 giant cockroaches
  8 goblins
  4 hobgoblins
  3 jackals
  14 kobolds
  5 quokkas
  6 bats
  2 frilled lizards
  4 rats
172 creatures vanquished.

Vanquished Creatures (collateral kills)
  3 jackals (D:4)
3 creatures vanquished.

Vanquished Creatures (others)
  Pikel (D:5)
  6 plants (D:6)
7 creatures vanquished.

Grand Total: 182 creatures vanquished

Table legend:
 A = Non-vault XP
 B = Vault XP
 C = Vault XP percentage of total XP
 D = Non-vault monster count
 E = Vault monster count
 F = Vault count percentage of total count
                 A         B        C        D         E       F
            +---------+---------+-------+---------+---------+-------
      Total |    5392 |    2864 |  34.7 |     140 |      33 |  19.1
            +---------+---------+-------+---------+---------+-------
        D:1 |      37 |       0 |   0.0 |      18 |       0 |   0.0
        D:2 |      25 |      77 |  75.5 |      13 |       2 |  13.3
        D:3 |      39 |       0 |   0.0 |      19 |       0 |   0.0
        D:4 |     199 |      36 |  15.3 |      16 |       1 |   5.9
        D:5 |     478 |     633 |  57.0 |       9 |       2 |  18.2
        D:6 |     802 |    1059 |  56.9 |      20 |      12 |  37.5
        D:7 |    1003 |     774 |  43.6 |      15 |       7 |  31.8
        D:8 |    1196 |     285 |  19.2 |      14 |       9 |  39.1
        D:9 |    1613 |       0 |   0.0 |      16 |       0 |   0.0
            +---------+---------+-------+---------+---------+-------

Illustrated notes

Table legend:
 A = Kills in this place as a percentage of kills in entire the game.
 B = Kills by you in this place as a percentage of kills by you in the entire game.
 C = Kills by friends in this place as a percentage of kills by friends in the entire game.
 D = Other kills in this place as a percentage of other kills in the entire game.
 E = Experience gained in this place as a percentage of experience gained in the entire game.
 F = Experience gained in this place divided by the number of levels of this place that you have seen.
                   A       B       C       D       E      F
               +-------+-------+-------+-------+-------+----------------------
         Total | 100.0 | 100.0 | 100.0 | 100.0 | 100.0 | 825.6
       Dungeon | 100.0 | 100.0 | 100.0 | 100.0 | 100.0 | 917.3
               +-------+-------+-------+-------+-------+----------------------

Table legend: (Time is in decaauts)
 A = Elapsed time spent in this place.
 B = Non-inter-level travel time spent in this place.
 C = Inter-level travel time spent in this place.
 D = Time resting spent in this place.
 E = Time spent auto-exploring this place.
 F = Levels seen in this place.
 G = Mean time per level.
                   A        B        C        D        E       F      G
               +--------+--------+--------+--------+--------+-----+--------+
         Total |  11515 |  11093 |    422 |   3914 |   5547 |  10 | 1151.5 |
       Dungeon |  11377 |  11003 |    374 |   3914 |   5475 |   9 | 1264.1 |
        Temple |    138 |     90 |     48 |      0 |     72 |   1 |  138.0 |
               +--------+--------+--------+--------+--------+-----+--------+

Top non-repeatable levels by time:
     D:7: 1957 daAuts
     D:6: 1718 daAuts
     D:5: 1581 daAuts
     D:8: 1235 daAuts
     D:4: 1207 daAuts
     D:3: 1083 daAuts
     D:2: 953 daAuts
     D:1: 852 daAuts
     D:9: 786 daAuts
  Temple: 138 daAuts
